 Dungeon Crawl Stone Soup version 0.31-a0-702-gf82c85558f (webtiles) character file.

Game seed: 3412852289119990250

146 qw the Shooter (level 5, -14/32 HPs)
             Began as a Gargoyle Hunter on Sept 8, 2023.
             Demolished by an ogre
             ... wielding a +0 giant spiked club
              (31 damage)
             ... on level 4 of the Dungeon.
             The game lasted 00:01:10 (2377 turns).

qw the Shooter (Gargoyle Hunter)                    Turns: 2377, Time: 00:01:10

Health: -14/32     AC: 10    Str: 12 (14) XL:     5   Next: 28%
Magic:  5/5        EV: 10    Int: 10      God:
Gold:   188        SH:  0    Dex: 14 (15) Spells: 4/4 levels left

rFire   . . .        Y - +0 shortbow
rCold   . . .        (shield currently unavailable)
rNeg    + . .        a - +0 ring mail
rPois   inf          (no helmet)
rElec   +            (no cloak)
rCorr   .            g - +0 pair of gloves
SInv    .            (no boots)
Will    .....        f - amulet of regeneration
Stlth   +            (no ring)
HPRegen 1.05/turn    (no ring)
MPRegen 0.09/turn

%: no passive effects
@: no status effects
A: sickness immunity, AC +4, negative energy resistance 1, electricity
resistance, torment resistance 1, petrification resistance
a: no special abilities


You were on level 4 of the Dungeon.
You visited 2 branches of the dungeon, and saw 5 of its levels.

You collected 188 gold pieces.


Innate Abilities, Weirdness & Mutations

You are immune to sickness and miasma.
Your stone body is resilient. (AC +4)
You are immune to poison.
You resist negative energy. (rN+)
You are resistant to electric shocks. (rElec)
You are resistant to unholy torment.
You are immune to petrification.


   Skills:
 + Level 3.0 Fighting
 - Level 6.0 Ranged Weapons
 - Level 1.0 Armour
 - Level 1.5 Dodging
 - Level 1.1 Stealth


You had 4 spell levels left.
You didn't know any spells.
Your spell library was empty.

Inventory:

Hand Weapons
 Y - a +0 shortbow (weapon)
Armour
 a - a +0 ring mail (worn)
 g - a +0 pair of gloves (worn)
Jewellery
 f - an amulet of regeneration (around neck)
Scrolls
 d - a scroll of identify
Potions
 b - a potion of ambrosia {unknown}
 c - a potion of curing
 e - a potion of might {unknown}
 h - a potion of cancellation {unknown}
 i - a potion of resistance
 j - a potion of haste

Dungeon Overview and Level Annotations

Branches:
Dungeon (4/15)             Temple (1/1) D:4

Altars:
Ashenzari
Dithmenos
Elyvilon
Fedhas
Hepliaklqana
Kikubaaqudgha
Makhleb
Qazlal
Ru
Sif Muna
Trog
Uskayaw
Vehumet
Wu Jian
Xom
Yredelemnul
Zin
The Shining One


Message History

You shoot an arrow. The arrow hits the orc.
You kill the orc!
You shoot an arrow. The arrow hits the quokka.
The quokka is almost dead.
The quokka closely misses you.
You shoot an arrow. The arrow barely misses the quokka.
The quokka bites you.
The quokka bites you but does no damage.
You shoot an arrow. The arrow hits the quokka.
You kill the quokka!
Your Armour skill increases to level 1!
You start resting.
HP restored.
Found a stone staircase leading up.
You see here a quokka corpse.
Enter note:
Found a stone staircase leading up.
You see here a +0 trident.
Enter note:
Found a basalt altar of Yredelemnul.
Found a leather armour.
Found a ring mail.
You see here a +0 leather armour.
An ogre comes into view. It is wielding a +0 giant spiked club.
The ogre shouts!
You shoot an arrow. The arrow hits the ogre.
The ogre is lightly wounded.
You shoot an arrow. The arrow barely misses the ogre.
You shoot an arrow. The arrow hits the ogre!
The ogre is moderately wounded.
You shoot an arrow. The arrow completely misses the ogre.
You shoot an arrow. The arrow hits the ogre.
The ogre is heavily wounded.
The ogre hits you with a +0 giant spiked club!
Ouch! That really hurt!
You shoot an arrow. The arrow hits the ogre.
The ogre is heavily wounded.
The ogre hits you with a +0 giant spiked club!!
Ouch! That really hurt!
You die...

#.# .. # #.. # #.# ##
#.### . .#
######...#... .#######
#............ ........
#.@O# .~~~~~~~~~ ##..#
.~.........# #..##
.~.~~~~~.~.# ##..#
.~.~...~.~.## #..#
.~.~._.¤.~..## #..##
.~¤~...~.~...# #...#
.~.~~~.¤.~.#.####.#.##
.~.¤.....~.#......#..#


You could see an ogre.

Vanquished Creatures
  An orc wizard (D:3)
  2 adders
  2 dart slugs
  2 worms (D:2)
  9 orcs
  5 bats
  5 endoplasms
  14 giant cockroaches
  4 goblins
  2 hobgoblins (D:3)
  5 jackals
  7 kobolds
  3 quokkas
  8 ball pythons
  8 frilled lizards
  A rat (D:1)
78 creatures vanquished.

Notes
Turn   | Place    | Note
-------+----------+-------------------------------------------
     0 | D:1      | qw the Gargoyle Hunter began the quest for the Orb.
     0 | D:1      | Reached XP level 1. HP: 12/12 MP: 1/1
     0 | D:1      | 0 ||| qw: Version: 0.3-a-76-g4403597
     0 | D:1      | 0 ||| qw: Game counter: 1171
     0 | D:1      | 0 ||| qw: Melee chars always use a shield: true
     0 | D:1      | 0 ||| qw: God list: Okawaru
     0 | D:1      | 0 ||| qw: Allow faded altars: false
     0 | D:1      | 0 ||| qw: Do Orc after clearing Dungeon:15 true
     0 | D:1      | 0 ||| qw: Do second Lair branch before Depths: true
     0 | D:1      | 0 ||| qw: Lair rune preference: random
     0 | D:1      | 0 ||| qw: Goals: Normal
     0 | D:1      | 0 ||| PLANNING D:1-11
    59 | D:1      | HP: 1/12 [kobold/+0 club (4)]
    62 | D:1      | Reached XP level 2. HP: 2/17 MP: 2/2
   458 | D:1      | 458 ||| UPGRADING to amulet of regeneration.
   463 | D:1      | 463 ||| READING scroll labelled HOCEOS BEPUOLI.
   464 | D:1      | 464 ||| READING scroll labelled BUIGATWANEOSS.
   465 | D:1      | 465 ||| READING scroll labelled QETILIUFRO.
   466 | D:1      | 466 ||| READING scroll labelled SEHERE CICO.
   469 | D:1      | 469 ||| DROPPING scroll of butterflies.
   495 | D:2      | 495 ||| RETREATING.
   496 | D:2      | 496 ||| Stepping ~*~*~tactically~*~*~ (retreating).
   507 | D:2      | Reached XP level 3. HP: 18/21 MP: 3/3
   515 | D:2      | Reached skill level 5 in Ranged Weapons
   548 | D:2      | Reached skill level 3 in Fighting
   601 | D:2      | Reached XP level 4. HP: 28/28 MP: 4/4
   630 | D:2      | Found a faded altar of an unknown god.
   764 | D:2      | Identified the +2 scale mail of Baehuy {Rampage rPois
                  | Str+3}
   843 | D:2      | Found a sacrificial altar of Ru.
   883 | D:2      | 883 ||| READING 2 scrolls labelled KISUZYTSUW.
   884 | D:2      | 884 ||| DRINKING 2 fuming brown potions.
   885 | D:2      | 885 ||| DRINKING 2 viscous pink potions.
   886 | D:2      | 886 ||| DRINKING 2 emerald potions.
   951 | D:2      | 951 ||| DROPPING potion of degeneration.
  1251 | D:3      | 1251 ||| DRINKING potion of curing.
  1251 | D:3      | 1251 ||| (to cure confusion)
  1279 | D:3      | Reached XP level 5. HP: 15/32 MP: 5/5
  2044 | D:3      | Reached skill level 6 in Ranged Weapons
  2086 | D:3      | 2086 ||| UPGRADING to +0 ring mail.
  2096 | D:3      | 2096 ||| DROPPING +0 leather armour.
  2097 | D:3      | 2097 ||| UPGRADING to +0 pair of gloves.
  2102 | D:3      | 2102 ||| DRINKING 2 fizzy dark potions.
  2173 | D:4      | 2173 ||| STAIRDANCE
  2180 | D:4      | 2180 ||| STAIRDANCE
  2191 | D:3      | HP: 7/32 [orc/+0 whip (3)]
  2284 | D:4      | Found a staircase to the Ecumenical Temple.
  2285 | D:4      | 2285 ||| PLANNING TEMPLE
  2293 | Temple   | Entered the Ecumenical Temple
  2294 | Temple   | 2294 ||| PLANNING D:1-11
  2316 | D:4      | Reached skill level 1 in Armour
  2321 | D:4      | Found a basalt altar of Yredelemnul.
  2371 | D:4      | Noticed an ogre
  2377 | D:4      | Demolished by an ogre

Levels and vault maps discovered:
D:1:      minmay_arrival_radiant_lines, layout_rooms, minmay_tetromino_t4
D:2:      minmay_roachtagon, layout_rooms, nicolae_ecumenical_oubliette,
          basic_altar, minmay_lizard_pond
D:3:      layout_basic, minmay_misc_feat_alley
D:4:      layout_cave_pods, mainiacjoe_overflow_concentric_impassable,
          minmay_temple_entry_gardened_gates, minivault_4,
          uniq_crazy_yiuf_cottage
Temple:   nicolae_temple_bog_church

Skill      XL: |  1  2  3  4  5 |
---------------+----------------+-----
Ranged Weapons | 5 6 |  6.0
Fighting       | 3 |  3.0
Armour         | 1 |  1.0
Dodging        | |  1.5
Stealth        | |  1.1

Action                     |  1- 3 |  4- 6 || total
---------------------------+-------+-------++-------
   Fire: Shortbow          |   149 |   160 ||   309
    Use: Scroll            |     4 |     1 ||     5
         Potion            |       |     5 ||     5
 Armour: Leather armour    |   185 |    42 ||   227
         Ring mail         |       |    39 ||    39
  Dodge: Dodged            |   176 |    53 ||   229

Table legend:
 A = Non-vault XP
 B = Vault XP
 C = Vault XP percentage of total XP
 D = Non-vault monster count
 E = Vault monster count
 F = Vault count percentage of total count
                 A         B        C        D         E       F
            +---------+---------+-------+---------+---------+-------
      Total |     172 |      37 |  17.7 |      56 |      22 |  28.2
            +---------+---------+-------+---------+---------+-------
        D:1 |      23 |       7 |  23.3 |      14 |       4 |  22.2
        D:2 |      52 |      30 |  36.6 |      20 |      18 |  47.4
        D:3 |      89 |       0 |   0.0 |      19 |       0 |   0.0
        D:4 |       8 |       0 |   0.0 |       3 |       0 |   0.0
            +---------+---------+-------+---------+---------+-------
